cohdb
Replays
Latest Replays
All Replays
Popular Replays
Top Player Replays
Match Explorer
How It Works
Community
CoH3 Stats
Reddit
Sign in to upload your games and track your stats! →
Sign in with Steam
Match 42639386
Unlisted
Match 42639386
Overview
Messages
Build Orders
End
Construct Barracks
Riflemen Squad
Selects Advanced Infantry Battlegroup
Riflemen Squad
Riflemen Squad
Grenade Package
Riflemen Squad
Infantry Support Center
Selects Ammunition Storage
M1918 Browning Automatic Rifles
Selects Convert to Ranger Squad
Doyle
Balrissiano
Kelton312
Abidant
Grubby丶M
Unsafe
一元线性回归
抖音-疾风
0
0
Comments
sign in to comment!
No comments posted yet!